 Dungeon Sprint DCSS version 0.21-a0-225-g207ae17 (webtiles) character file.

6963 Kidiri the Eclecticist (level 10, -10/60 HPs)
             Began as a Deep Elf Fire Elementalist on Aug 29, 2017.
             Was the Champion of Vehumet.
             Mangled by a tyrant leech (31 damage)
             ... in the Dungeon (Sprint III: "The Ten Rune Challenge").
             The game lasted 00:17:50 (2017 turns).

Kidiri the Eclecticist (Deep Elf Fire Elementalist) Turns: 2017, Time: 00:17:51

Health: -10/60     AC:  3    Str:  5    XL:     10   Next: 81%
Magic:  4/32       EV: 19    Int: 24    God:    Vehumet [******]
Gold:   42         SH:  0    Dex: 13    Spells: 2/41 levels left

rFire    . . .     SeeInvis .   j - +0 dagger
rCold    . . .     Gourm    .   (no shield)
rNeg     . . .     Faith    .   a - +0 robe
rPois    .         Spirit   .   (no helmet)
rElec    .         Reflect  .   l - +0 cloak
rCorr    .         Harm     .   (no gloves)
MR       +....     Rnd*Rage +   (no boots) Stlth ++........NoTele +
                                (no amulet)
HPRegen  0.20/turn              (no ring)
MPRegen  0.23/turn              (no ring)

@: very slow
A: repulsion field 1, berserk 1, clumsy 1
a: Renounce Religion


You were in the Dungeon.
You worshipped Vehumet.
Vehumet was exalted by your worship.
You were very full.

You visited 1 branch You collected 42 gold pieces.

Inventory:

Hand Weapons
 j - a +0 dagger (weapon)
Armour
 a - a +0 robe (worn)
 l - a +0 cloak (worn)
Scrolls
 i - a scroll of blinking
 m - 2 scrolls of immolation
 q - a scroll of enchant armour {unknown}
Potions
 d - 3 potions of curing
 f - a potion of haste
Books
 r - a book of Power

   Spells                             Type                      Level
   a - Iskenderun's Battlesphere      Conjuration/Charms           5
   b - Venom Bolt                     Conjuration/Poison           5
   c - Bolt of Magma                  Conjuration/Fire/Earth       5
   d - Iron Shot                      Conjuration/Earth            6
   e - Orb of Destruction             Conjuration                  7
   f - Spellforged Servitor           Conjuration/Summoning        7
Comestibles
 c - a bread ration
 o - 20 royal jellies


   Skills:
 + Level 6.0 Fighting
 + Level 7.3 Short Blades
 + Level 6.2 Armour
 + Level 9.3 Dodging
 - Level 5.1 Stealth
 * Level 16.1 Spellcasting
 + Level 10.2 Conjurations
 + Level 10.5 Fire Magic
 + Level 6.4 Air Magic
 + Level 7.0 Earth Magic
 + Level 8.0 Poison Magic


You had 2 spell levels left.
You knew the following spells:

 Your Spells              Type           Power        Failure   Level  Hunger
a - Flame Tongue          Conj/Fire      #####        1%          1    None
b - Throw Flame           Conj/Fire      ######       1%          2    None
c - Conjure Flame         Conj/Fire      ######..     1%          3    None
d - Inner Flame           Hex/Fire       #####...     1%          3    None
e - Sticky Flame          Conj/Fire      ######..     1%          4    None
f - Fireball              Conj/Fire      ######....   1%          5    #......
g - Bolt of Magma         Conj/Fire/Erth ######....   1%          5    #......
h - Iron Shot             Conj/Erth      ######....   3%          6    ####...
i - Mephitic Cloud        Conj/Pois/Air  ######..     1%          3    None
j - Orb of Destruction    Conj           ######....   10%         7    ######.


Dungeon Overview and Level Annotations

Branches:
Dungeon (1/1)

Altars:
Cheibriados
Dithmenos
Elyvilon
Fedhas
Gozag
Hepliaklqana
Kikubaaqudgha
Makhleb
Nemelex Xobeh
Okawaru
Qazlal
Ru
Sif Muna
Trog
Uskayaw
Vehumet
Wu Jian
Xom
Yredelemnul
Zin
The Shining One
Beogh
Jiyva
Lugonu

Annotations:
D exclusion: 2 doors


Innate Abilities, Weirdness & Mutations

You are surrounded by a mild repulsion field. (EV +2)
You tend to lose your temper in combat.
You are clumsy. (Dex -2)


Message History

Confirm with . or Enter, or press ? or * to list all spells.
Aiming: Flame Tongue
Press: ? - help, Shift-Dir - straight line, f/p - tyrant leech
Aim: a tyrant leech (heavily wounded)
Okay, then.
Casting: Flame Tongue
Confirm with . or Enter, or press ? or * to list all spells.
Aiming: Flame Tongue
Press: ? - help, Shift-Dir - straight line, f/p - tyrant leech
Aim: a tyrant leech (heavily wounded)
The flame tongue hits the tyrant leech.
The tyrant leech appears unharmed.
The tyrant leech is heavily wounded.
The tyrant leech is engulfed in a cloud of scalding steam.
The tyrant leech bites you!!
* * * LOW HITPOINT WARNING * * *
The tyrant leech draws strength from your injuries!
Unknown command.
You feel better. The tyrant leech bites you!!
Ouch! That really hurt!
You die...

.###...'.⌠........#,,*,*,,****,+,
####...#...######'#,,*****,*,****
###....#.⌠.#__#...#+#############
##.....#...#__#...#.§≈§§§§#.'...'
#.)....#+###__#...#.#§§§#§#.#...#
.#.....#.[:#__#...'.#§§§#.#.#...#
###....#___#__+...#.#§§.#...#)..#
**▓▓▓▓▓▓▓▓▓▓▓▓▓▓▓▓▓▓▓▓▓▓▓▓▓▓▓▓▓▓#
≈,≈≈**,,,,,**♣♣w@≈........≈≈≈...#
≈≈≈≈**,≈≈≈≈+♣♣%♣≈≈≈≈≈≈≈≈≈≈≈≈♣♣P.'
,≈≈≈≈+,,,,,#.≈♣♣♣♣♣♣♣♣♣♣♣♣♣♣♣♣PP#
≈≈≈,*******#.%♣♣ ♣♣♣# ≈≈≈≈*
###'♣***************** *******
***♣%#*,,**≈≈≈≈≈≈,,*,,* ,,,,,,**
♣...##,**,*≈≈≈≈≈,,,*,,* ******+*
♣♣.#*,**,**+≈≈≈≈≈****+* ,,,,,,,*
♣.,*,**,,,*≈≈,,,,,,,,*


You could see a tyrant leech.

Vanquished Creatures
  Snorg (D)
  A centaur warrior (D)
  An unseen horror (D)
  A deep elf mage (D)
  2 spiny frogs (D)
  A komodo dragon (D)
  3 wandering mushrooms (D)
  A queen bee (D)
  A tyrant leech (D)
  A shadow (D)
  A redback (D)
  A spatial vortex (D)
  A necrophage (D)
  2 centaurs (D)
  An earth elemental (D)
  A water elemental (D)
  32 killer bees (D)
  A jelly (D)
  Crazy Yiuf (D)
  A wizard (D)
  Jessica (D)
  A necromancer (D)
  3 humans (D)
  A kobold demonologist (D)
  2 oozes (D)
  A rat (D)
64 creatures vanquished.

Vanquished Creatures (others)
  2 draconian scorchers (D)
  6 hellions (D)
  A yaktaur (D)
9 creatures vanquished.

Grand Total: 73 creatures vanquished

Notes
Turn   | Place    | Note
-------+----------+-------------------------------------------
     0 | D        | Kidiri the Deep Elf Fire Elementalist began the quest for the Orb.
     0 | D        | Reached XP level 1. HP: 10/10 MP: 6/6
    27 | D        | Reached skill level 4 in Spellcasting
    51 | D        | Killed a yaktaur
   109 | D        | Killed a hellion
   110 | D        | Killed a hellion
   111 | D        | Killed a hellion
   112 | D        | Killed a hellion
   113 | D        | Killed a hellion
   174 | D        | Killed a hellion
   184 | D        | Killed a white draconian scorcher
   242 | D        | Reached skill level 5 in Spellcasting
   242 | D        | Reached XP level 2. HP: 15/15 MP: 6/10
   246 | D        | Learned a level 2 spell: Throw Flame
   295 | D        | Noticed Jessica
   297 | D        | Killed Jessica
   297 | D        | Reached skill level 6 in Spellcasting
   297 | D        | Reached XP level 3. HP: 19/19 MP: 5/13
   302 | D        | Learned a level 3 spell: Conjure Flame
   306 | D        | Learned a level 3 spell: Inner Flame
   342 | D        | Killed a white draconian scorcher
   360 | D        | Reached skill level 7 in Spellcasting
   360 | D        | Reached skill level 5 in Fire Magic
   457 | D        | Noticed Crazy Yiuf
   460 | D        | Killed Crazy Yiuf
   460 | D        | Reached skill level 8 in Spellcasting
   460 | D        | Reached XP level 4. HP: 24/24 MP: 12/16
   493 | D        | Gained mutation: Your mind is acute. (Int +2) [potion of mutation]
   493 | D        | Gained mutation: You have sharp toenails. [potion of mutation]
   494 | D        | Lost mutation: You have sharp toenails. [potion of mutation]
   494 | D        | Lost mutation: Your mind is acute. (Int +2) [potion of mutation]
   494 | D        | Gained mutation: Armour fits poorly on your strangely shaped body. [potion of mutation]
   494 | D        | Gained mutation: You have a pair of small horns on your head. [potion of mutation]
   495 | D        | Lost mutation: Armour fits poorly on your strangely shaped body. [potion of mutation]
   495 | D        | Lost mutation: You have a pair of small horns on your head. [potion of mutation]
   495 | D        | Gained mutation: You have sharp toenails. [potion of mutation]
   495 | D        | Gained mutation: You are resistant to hostile enchantments. (MR+) [potion of mutation]
   495 | D        | Gained mutation: You are partially covered in rugged brown scales. (AC +1, +3% HP) [potion of mutation]
   496 | D        | Lost mutation: You have sharp toenails. [potion of mutation]
   496 | D        | Lost mutation: You are partially covered in rugged brown scales. (AC +1, +3% HP) [potion of mutation]
   496 | D        | Gained mutation: You are clumsy. (Dex -2) [potion of mutation]
   496 | D        | Gained mutation: You have a pair of small horns on your head. [potion of mutation]
   496 | D        | Gained mutation: You are highly resistant to hostile enchantments. (MR++) [potion of mutation]
   497 | D        | Lost mutation: You have a pair of small horns on your head. [potion of mutation]
   497 | D        | Lost mutation: You are highly resistant to hostile enchantments. (MR++) [potion of mutation]
   497 | D        | Lost mutation: You are resistant to hostile enchantments. (MR+) [potion of mutation]
   497 | D        | Gained mutation: You tend to lose your temper in combat. [potion of mutation]
   497 | D        | Gained mutation: You are surrounded by a mild repulsion field. (EV +2) [potion of mutation]
   541 | D        | Learned a level 4 spell: Sticky Flame
   543 | D        | Noticed a water elemental
   545 | D        | Killed a water elemental
   545 | D        | Reached skill level 9 in Spellcasting
   545 | D        | Reached skill level 5 in Conjurations
   545 | D        | Reached XP level 5. HP: 28/28 MP: 12/19
   553 | D        | Learned a level 5 spell: Fireball
   589 | D        | Found a radiant altar of Vehumet.
   590 | D        | Found a deep blue altar of Sif Muna.
   590 | D        | Found an ancient bone altar of Kikubaaqudgha.
   591 | D        | Reached skill level 10 in Spellcasting
   607 | D        | Learned a level 3 spell: Mephitic Cloud
   618 | D        | Became a worshipper of Vehumet
   645 | D        | Found a glowing silver altar of Zin.
   646 | D        | Found a glowing golden altar of the Shining One.
   646 | D        | Found a white marble altar of Elyvilon.
   646 | D        | Noticed a deep elf mage
   657 | D        | Killed a deep elf mage
   657 | D        | Reached skill level 5 in Stealth
   657 | D        | Reached skill level 12 in Spellcasting
   657 | D        | Reached XP level 6. HP: 36/36 MP: 18/23
   657 | D        | Reached XP level 7. HP: 40/40 MP: 18/24
   664 | D        | Learned a level 5 spell: Bolt of Magma
   687 | D        | Found an ornate altar of the Wu Jian Council.
   687 | D        | Found a roughly hewn altar of Beogh.
   687 | D        | Found an iron altar of Okawaru.
   687 | D        | Found a bloodstained altar of Trog.
   687 | D        | Found a hide-covered altar of Uskayaw.
   687 | D        | Noticed a human
   690 | D        | Noticed a human
   698 | D        | Killed a human
   698 | D        | Reached skill level 5 in Dodging
   698 | D        | Reached skill level 1 in Air Magic
   698 | D        | Reached skill level 1 in Earth Magic
   726 | D        | Killed a human
   726 | D        | Reached * piety under Vehumet
   726 | D        | Offered knowledge of Sandblast by Vehumet.
   848 | D        | Found a basalt altar of Yredelemnul.
   848 | D        | Found a shadowy altar of Dithmenos.
   848 | D        | Found a sacrificial altar of Ru.
   850 | D        | Reached XP level 8. HP: 46/46 MP: 16/26
   905 | D        | Offered knowledge of Searing Ray by Vehumet.
   905 | D        | Reached ** piety under Vehumet
   906 | D        | Reached skill level 13 in Spellcasting
   925 | D        | Learned a level 6 spell: Iron Shot
   967 | D        | Found a blossoming altar of Fedhas.
   967 | D        | Found a stormy altar of Qazlal.
   967 | D        | Found a snail-covered altar of Cheibriados.
   967 | D        | Found a burning altar of Makhleb.
   967 | D        | Found a shimmering altar of Xom.
   968 | D        | Found a hazy altar of Hepliaklqana.
   968 | D        | Found an opulent altar of Gozag.
   968 | D        | Found a sparkling altar of Nemelex Xobeh.
   968 | D        | Found a corrupted altar of Lugonu.
   968 | D        | Found a viscous altar of Jiyva.
  1075 | D        | Noticed Snorg
  1079 | D        | Killed Snorg
  1079 | D        | Offered knowledge of Throw Frost by Vehumet.
  1079 | D        | Reached skill level 5 in Short Blades
  1079 | D        | Reached skill level 14 in Spellcasting
  1079 | D        | Reached skill level 5 in Poison Magic
  1079 | D        | Reached XP level 9. HP: 52/52 MP: 7/29
  1198 | D        | Reached *** piety under Vehumet
  1333 | D        | Noticed a centaur warrior
  1336 | D        | Offered knowledge of Airstrike by Vehumet.
  1339 | D        | Killed a centaur warrior
  1339 | D        | Reached skill level 5 in Earth Magic
  1477 | D        | Noticed an unseen horror
  1479 | D        | Killed an unseen horror
  1479 | D        | Reached **** piety under Vehumet
  1479 | D        | Reached skill level 5 in Fighting
  1479 | D        | Reached skill level 5 in Armour
  1620 | D        | Noticed a queen bee
  1620 | D        | Offered knowledge of Stone Arrow by Vehumet.
  1620 | D        | Reached skill level 5 in Air Magic
  1621 | D        | Reached ***** piety under Vehumet
  1623 | D        | Reached skill level 15 in Spellcasting
  1623 | D        | Reached XP level 10. HP: 40/59 MP: 16/31
  1627 | D        | Reached ****** piety under Vehumet
  1630 | D        | Reached skill level 10 in Fire Magic
  1778 | D        | Offered knowledge of Ozocubu's Refrigeration by Vehumet.
  1912 | D        | Learned a level 7 spell: Orb of Destruction
  1916 | D        | Noticed a spiny frog
  1916 | D        | Noticed a spiny frog
  1919 | D        | Killed a spiny frog
  1919 | D        | Reached skill level 10 in Conjurations
  1920 | D        | Killed a spiny frog
  1920 | D        | Reached skill level 16 in Spellcasting
  2017 | D        | Mangled by a tyrant leech

Vault maps used:
D:        dungeon_sprint_mu

Skill      XL: |  1  2  3  4  5  6  7  8  9 10 |
---------------+-------------------------------+-----
Spellcasting   | 5 6 8 9 12 14 15 16 | 16.1
Conjurations   | 2 3 4 5 7 8 9 10 | 10.2
Fire Magic     | 4 5 6 7 8 9 10 | 10.5
Fighting       | 2 3 4 5 6 |  6.0
Short Blades   | 3 4 5 6 7 |  7.3
Armour         | 2 3 4 5 6 |  6.2
Dodging        | 4 5 7 8 9 |  9.3
Stealth        | 5 |  5.1
Poison Magic   | 3 4 5 6 8 |  8.0
Air Magic      | 1 3 5 6 |  6.4
Earth Magic    | 2 4 5 7 |  7.0

Action                   |  1- 3 |  4- 6 |  7- 9 | 10-12 || total
-------------------------+-------+-------+-------+-------++-------
Melee: Unarmed           |     1 |       |       |       ||     1
       Dagger            |       |     1 |     1 |    25 ||    27
 Cast: Flame Tongue      |    19 |     3 |     8 |     8 ||    38
       Throw Flame       |     2 |       |       |       ||     2
       Conjure Flame     |       |     1 |     2 |       ||     3
       Sticky Flame      |       |     3 |     2 |     3 ||     8
       Bolt of Magma     |       |       |    27 |    20 ||    47
       Mephitic Cloud    |       |       |     2 |     1 ||     3
       Inner Flame       |       |       |     1 |       ||     1
       Fireball          |       |       |     1 |       ||     1
       Iron Shot         |       |       |     1 |     6 ||     7
  Use: Potion            |       |     5 |     1 |     5 ||    11
       Scroll            |       |     4 |       |       ||     4
 Stab: Sleeping          |       |     1 |     1 |       ||     2
  Eat: Chunk             |       |       |     4 |       ||     4
       Royal jelly       |       |       |       |     5 ||     5
Armor: Robe              |     2 |       |     2 |     2 ||     6
Dodge: Dodged            |     6 |     1 |     6 |    45 ||    58

Table legend:
 A = Spawn XP
 B = Non-spawn XP
 C = Spawn XP percentage of total XP
 D = Spawn monster count
 E = Non-spawn monster count
 F = Spawn count percentage of total count
 G = Total turns spent on level
                    A         B        C        D         E        F      G
               +---------+---------+-------+---------+---------+-------+---------
         Total |       0 |    9948 |   0.0 |       0 |      64 |   0.0 |  2017
               +---------+---------+-------+---------+---------+-------+---------
             D |       0 |    9948 |   0.0 |       0 |      64 |   0.0 |  2017
               +---------+---------+-------+---------+---------+-------+---------
